 Dungeon Crawl Stone Soup version 0.28.0-45-g0d030f2227 (webtiles) character file.

Game seed: 11774175786726608840

49 NinjaNoafa the Gusty (level 3, -3/26 HPs)
             Began as a Draconian Air Elementalist on Apr 18, 2022.
             Was an Initiate of Gozag.
             Killed from afar by Natasha (6 damage)
             ... with a magic dart
             ... on level 2 of the Dungeon.
             The game lasted 00:05:39 (2626 turns).

NinjaNoafa the Gusty (Draconian Air Elementalist)   Turns: 2626, Time: 00:05:39

Health: -3/26      AC:  5    Str: 10    XL:     3   Next: 53%
Magic:  2/6        EV: 12    Int: 17    God:    Gozag
Gold:   61         SH:  0    Dex: 11    Spells: 5/6 levels left

rFire   . . .      SeeInvis .   d - +0 dagger
rCold   . . .      Faith    .   (no shield)
rNeg    . . .      Spirit   .   (armour unavailable)
rPois   .          Reflect  .   (helmet restricted)
rElec   .          Harm     .   (no cloak)
rCorr   .          Rampage  .   (no gloves)
Will    .....                   (no boots)
Stlth   ++........              (no amulet)
HPRegen 0.08/turn               (no ring)
MPRegen 0.10/turn               (no ring)

@: slowed, very slow
A: AC +5, unfitting armour, cold-blooded
a: Renounce Religion, Potion Petition, Call Merchant, Bribe Branch


You were on level 2 of the Dungeon.
You worshipped Gozag.
Gozag was noncommittal.
You visited 1 branch of the dungeon, and saw 2 of its levels.

You collected 65 gold pieces.
You paid 4 gold pieces to Gozag.

Inventory:

Hand Weapons
 d - a +0 dagger (weapon)
Missiles
 e - 12 stones
Scrolls
 b - a scroll of enchant armour
 f - a scroll of identify
Potions
 a - a potion of flight
 c - a potion of cancellation


   Skills:
 + Level 0.3 Fighting
 + Level 2.2 Dodging
 - Level 2.1 Stealth
 + Level 2.3 Spellcasting
 + Level 1.5 Conjurations
 * Level 0.4 Necromancy
 + Level 3.4 Air Magic


You had 5 spell levels left.
You knew the following spells:

 Your Spells              Type           Power      Damage    Failure   Level
a - Shock                 Conj/Air       40%        1d5       7%          1

Your spell library contained the following spells:

 Spells                   Type           Power      Damage    Failure   Level
 Static Discharge         Conj/Air       10%        N/A       11%         2
 Swiftness                Air            13%        N/A       14%         3
 Pain                     Necr           12%        1d4       16%         1
 Airstrike                Air            6%         N/A       41%         4
 Inner Flame              Hex/Fire       1%         N/A       50%         3
 Cause Fear               Hex            0%         N/A       88%         4
 Agony                    Necr           3%         N/A       99%         5
 Excruciating Wounds      Necr           1%         N/A       99%         5
 Discord                  Hex            0%         N/A       100%        8


Dungeon Overview and Level Annotations

Branches:
Dungeon (2/15)

Altars:
Gozag

Shops:
D:1 =

Annotations:
D:2 Natasha


Innate Abilities, Weirdness & Mutations

Your plain brown scales are hard. (AC +5)
You cannot fit into any form of body armour.
You are cold-blooded and may be slowed by cold attacks.


Message History

The crimson imp closely misses you. Natasha casts a spell at you.
You feel yourself slow down.
The crimson imp blinks!
Natasha stares at you and mumbles some strange words.
You feel as though you will be slow longer.
The crimson imp hits you but does no damage.
The crimson imp closely misses you.
Natasha mumbles some strange words.
Natasha glows brightly for a moment.
The crimson imp hits you but does no damage. x2
Natasha stares at you and mumbles some strange words.
The magic dart hits you.
The crimson imp blinks!
Natasha stares at you and mumbles some strange words.
You feel as though you will be slow longer.
The crimson imp disappears in a puff of smoke!
Natasha stares at you and mumbles some strange words.
The magic dart hits you!
* * * LOW HITPOINT WARNING * * *
Natasha wildly gestures.
Natasha's front paws start to glow.
Okay, then.
Casting: Shock (safe; 7% risk of failure)
Confirm with . or Enter, or press ? or * to list all spells.
Aiming: Shock (safe; 7% risk of failure)
Press: ? - help, Shift-Dir - straight line, f - Natasha
Aim: Natasha (60% to hit)
The zap hits Natasha.
Natasha is lightly wounded.
The white imp disappears in a puff of smoke!
Natasha barely misses you.
Natasha stares at you and mumbles some strange words.
You resist with significant effort.
Natasha stares at you and mumbles some strange words.
You feel as though you will be slow longer.
Natasha stares at you and mumbles some strange words.
The magic dart hits you.
You die...
Your body crumbles into a pile of gold.

.#........# #.....#8###8#
.#........# ##.## #...........
.#........###...### #⌠..........
.+..).............# ##...........
.#........###.....###.....#8###8#
.#........# #.....#8.....########
.#........# #.....#.....##....#..
##........# #..........8#........
#†.......###.).@h....###.....##.
##........#..........##.#.#.#.###
(.................#8##..#.#...###
.#######..........###...#.#......
##8#...#.._.(.............##..###
#.....)...................'......
...............#####.##...###....
........####...# #.##...###....
...#....# #...# #.#....+..>...


You could see Natasha.

Vanquished Creatures
  A worm (D:1)
  4 bats (D:1)
  3 endoplasms (D:1)
  4 giant cockroaches (D:1)
  3 goblins
  5 hobgoblins
  5 jackals
  3 quokkas
  2 ball pythons (D:1)
  3 frilled lizards
  A kobold (D:1)
  7 rats
41 creatures vanquished.

Notes
Turn   | Place    | Note
-------+----------+-------------------------------------------
     0 | D:1      | NinjaNoafa the Draconian Air Elementalist began the quest
                  | for the Orb.
     0 | D:1      | Reached XP level 1. HP: 14/14 MP: 3/3
   522 | D:1      | Reached XP level 2. HP: 18/20 MP: 0/5
   729 | D:1      | Found Xicudesa's One-of-a-Kind Rings.
   937 | D:1      | Found a faded altar of an unknown god.
  1505 | D:1      | Reached XP level 3. HP: 26/26 MP: 1/6
  2303 | D:2      | Found an opulent altar of Gozag.
  2311 | D:2      | Became a worshipper of Gozag Ym Sagoz the Greedy
  2587 | D:2      | Noticed Natasha
  2626 | D:2      | Killed from afar by Natasha

Illustrated notes

Levels and vault maps discovered:
D:1:      dpeg_arrival_brainrot, layout_loops_ring,
          nicolae_ecumenical_lake_church, minivault_14, minmay_misc_feat_square,
          solitary_fountain, nicolae_shop_unique_rings, minmay_domino_2
D:2:      layout_basic, basic_altar, serial_corexii_hall,
          chequers_hall_statues_y, chequers_hall_statues_y, uniq_sigmund,
          uniq_natasha

Skill      XL: |  1  2 |
---------------+-------+-----
Stealth        | 2 |  2.1
Dodging        | 2 |  2.2
Fighting       | |  0.3
Spellcasting   | |  2.3
Conjurations   | |  1.5
Necromancy     | |  0.4
Air Magic      | |  3.4

Action                   || total
-------------------------++-------
Melee: Unarmed           ||    12
       Tailslap          ||     7
       Dagger            ||    27
       Punch             ||     1
 Cast: Shock             ||   104
  Use: Potion            ||     1
       Scroll            ||     4
Armor: Skin              ||    32
Dodge: Dodged            ||    57
